 Dungeon Crawl Stone Soup version 0.30-a0-852-g08b95dd62f (webtiles) character file.

Game seed: 11844904868396260328

319 holysushi the Cutter (level 6, -3/47 HPs)
             Began as a Demonspawn Monk on Mar 4, 2023.
             Was an Elder of Fedhas.
             Killed by nerve-wracking pain
             ... invoked by Menkaure
              (11 damage)
             ... on level 5 of the Dungeon.
             The game lasted 00:04:28 (3843 turns).

holysushi the Cutter (Demonspawn Monk)              Turns: 3843, Time: 00:04:29

Health: -3/47      AC: 13    Str: 12    XL:     6   Next: 21%
Magic:  8/8        EV: 12    Int: 11    God:    Fedhas [****..]
Gold:   233        SH:  0    Dex: 17    Spells: 5/5 levels left

rFire   . . .      SeeInvis .    x - +0 rapier
rCold   . . .      Faith    +    (no shield)
rNeg    . . .      Spirit   .    D - +3 leather armour
rPois   .          Reflect  .    (no helmet)
rElec   .          Rampage  .    (no cloak)
rCorr   .                        (no gloves)
Will    .....                    (no boots)
Stlth   +                        i - amulet of faith
HPRegen 0.27/turn                g - +4 ring of protection
MPRegen 0.11/turn                y - +4 ring of slaying

@: confused, ambrosia-drunk
A: claws 1, yellow scales 2, condensation shield
a: Renounce Religion, Wall of Briars, Grow Ballistomycete, Overgrow


You were on level 5 of the Dungeon.
You worshipped Fedhas.
Fedhas was greatly pleased with you.
You visited 1 branch of the dungeon, and saw 7 of its levels.

You collected 233 gold pieces.

Inventory:

Hand Weapons
 a - a +0 short sword
 x - a +0 rapier (weapon)
Armour
 b - a +0 robe
 D - a +3 leather armour (worn)
Jewellery
 g - a +4 ring of protection (left claw)
 i - an amulet of faith (around neck)
 y - a +4 ring of slaying (right claw)
 C - a ring of flight
Wands
 q - a wand of roots (4)
 B - a wand of paralysis (11)
Scrolls
 e - a scroll of blinking {unknown}
 f - 3 scrolls of enchant armour {unknown}
 h - a scroll of noise {unknown}
 j - 2 scrolls of teleportation {unknown}
 k - 4 scrolls of silence {unknown}
 l - 2 scrolls of vulnerability {unknown}
 n - 2 scrolls of fog {unknown}
 p - 10 scrolls of identify {unknown}
 r - a scroll of amnesia {unknown}
 t - a scroll of magic mapping {unknown}
 u - a scroll of fear {unknown}
 v - a scroll of immolation {unknown}
Potions
 d - a potion of invisibility {unknown}
 m - 2 potions of cancellation {unknown}
 o - a potion of degeneration {unknown}
 s - a potion of curing {unknown}
 w - a potion of magic {unknown}
 z - a potion of attraction {unknown}
 A - a potion of lignification {unknown}


   Skills:
 - Level 3.0 Fighting
 - Level 6.0 Short Blades
 + Level 2.6 Dodging
 - Level 1.7 Stealth
 - Level 3.0 Invocations


You had 5 spell levels left.
You didn't know any spells.
Your spell library contained the following spells:

 Spells                   Type           Power      Damage    Failure   Level
 Frozen Ramparts          Ice            0%         1d1       80%         3
 Ice Form                 Ice/Tmut       0%         N/A       99%         4
 Summon Ice Beast         Ice/Summ       0%         N/A       99%         4


Dungeon Overview and Level Annotations

Branches:
Dungeon (7/15) Zot: 26006
 Temple: D:4-7

Altars:
Fedhas
Gozag
Nemelex Xobeh
Vehumet

Annotations:
D:5 Menkaure


Innate Abilities, Weirdness & Mutations

You have sharp fingernails.
You are mostly covered in yellow scales. (AC +3)
A meltable shield of frost defends you. (SH +4)


Message History

You hit Menkaure.
Menkaure is heavily damaged.
Menkaure hits you!
* * * LOW HITPOINT WARNING * * *
You barely miss Menkaure.
Menkaure is moderately damaged.
Menkaure barely misses you. Menkaure closely misses you.
You hit Menkaure.
Menkaure is severely damaged.
Menkaure misses you.
You are confused.
You feel invigorated. Menkaure misses you.
Menkaure gestures at you while chanting.
Pain shoots through your body!
* * * LOW HITPOINT WARNING * * *
Menkaure hits you.
* * * LOW HITPOINT WARNING * * *
Menkaure calls on the powers of darkness!
Your body is wracked with pain!
* * * LOW HITPOINT WARNING * * *
Menkaure calls on the powers of darkness!
Your body is wracked with pain!
* * * LOW HITPOINT WARNING * * *
Menkaure hits you but does no damage.
You puncture Menkaure!
Menkaure is almost destroyed.
Menkaure hits you.
* * * LOW HITPOINT WARNING * * *
You feel less invigorated.
You feel less confused. Menkaure attacks as you move away! Menkaure hits you.
* * * LOW HITPOINT WARNING * * *
Menkaure calls on the powers of darkness!
You feel a surge of unholy energy.
You are confused.
You feel invigorated.
Menkaure gestures at you while chanting.
Pain shoots through your body!
You die...
Fedhas appreciates your contribution to the ecosystem.

#.# #.....## #.#
###..## #.# ##..##
#.## ##..##
##..### ##..## #
##.....## ##..##
####..##...##
##..##
.##..####...##
##...# .#..##
##...###@..##
...^#
###..#...####
...##
##.M......###
...##
#..##......####
....#
##.#######.....###
...## #..#
####....### ####
##.## ####...#
#..# ##### ##.##


You could see Menkaure (fast).

Vanquished Creatures
  A phantom (D:4)
  A scorpion (D:5)
  7 gnolls
  5 adders
  A white imp (D:7)
  An ufetubus (D:4)
  2 worms
  3 ball pythons
  4 bats
  6 endoplasms
  3 giant cockroaches
  4 goblins
  5 hobgoblins
  2 jackals (D:1)
  5 kobolds
  5 quokkas
  3 rats (D:3)
58 creatures vanquished.

Vanquished Creatures (others)
  A plant (D:1)
1 creature vanquished.

Grand Total: 59 creatures vanquished

Notes
Turn   | Place    | Note
-------+----------+-------------------------------------------
     0 | D:1      | holysushi the Demonspawn Monk began the quest for the Orb.
     0 | D:1      | Reached XP level 1. HP: 18/18 MP: 1/1
   160 | D:1      | Reached skill level 3 in Short Blades
   244 | D:1      | Gained mutation: You are partially covered in yellow
                  | scales. (AC +2) [demonic ancestry]
   244 | D:1      | Reached XP level 2. HP: 24/24 MP: 2/2
   309 | D:1      | Found a faded altar of an unknown god.
   313 | D:1      | Prayed at the altar of an unknown god.
   313 | D:1      | Became a worshipper of Fedhas Madash
   313 | D:1      | Reached * piety under Fedhas
   313 | D:1      | Reached ** piety under Fedhas
   758 | D:2      | Reached *** piety under Fedhas
   926 | D:2      | Gained mutation: A meltable shield of frost defends you.
                  | (SH +4) [demonic ancestry]
   926 | D:2      | Reached XP level 3. HP: 27/29 MP: 3/3
  1120 | D:2      | Reached skill level 4 in Short Blades
  1640 | D:2      | Gained mutation: You are mostly covered in yellow scales.
                  | (AC +3) [demonic ancestry]
  1640 | D:2      | Reached XP level 4. HP: 33/35 MP: 4/4
  2033 | D:3      | Found a radiant altar of Vehumet.
  2127 | D:3      | Reached skill level 5 in Short Blades
  2559 | D:4      | Found a sparkling altar of Nemelex Xobeh.
  2665 | D:4      | Reached **** piety under Fedhas
  2719 | D:4      | Found an opulent altar of Gozag.
  2814 | D:4      | You fall into a shaft and drop 3 floors!
  2826 | D:7      | Reached XP level 5. HP: 36/41 MP: 5/5
  2845 | D:6      | Noticed a centaur
  2849 | D:5      | Entered Level 5 of the Dungeon
  2849 | D:5      | Noticed an ogre
  2867 | D:4      | Reached skill level 1 in Invocations
  3337 | D:4      | Noticed a phantom
  3346 | D:4      | Killed a phantom
  3715 | D:5      | Reached skill level 6 in Short Blades
  3715 | D:5      | Gained mutation: You have sharp fingernails. [demonic
                  | ancestry]
  3715 | D:5      | Reached XP level 6. HP: 36/47 MP: 8/8
  3799 | D:5      | Noticed Menkaure
  3832 | D:5      | HP: 2/47 [Menkaure (14)]
  3843 | D:5      | Killed from afar by Menkaure

Illustrated notes

Levels and vault maps discovered:
D:1:      roderic_crop_circles_arrival_small, layout_loops_ring,
          chequers_ecumenical_altar_simple
D:2:      layout_loops_ring
D:3:      layout_loops_ring, mainiacjoe_overflow_alcove_4
D:4:      layout_loops_corners, nemelex_spade_bored_becter,
          mainiacjoe_overflow_small_starburst
D:5:      layout_cave_pods, uniq_menkaure, uniq_ijyb
D:6:      minmay_goblin_kobold_castle, layout_loops_ring, amcnicky_altar_gilded,
          nicolae_shop_clearance
D:7:      minmay_blocky_corners, layout_basic, minmay_temple_entry_proselytizer,
          hangedman_decor_peaks_small

Skill      XL: |  1  2  3  4  5 |
---------------+----------------+-----
Short Blades   | 3 4 5 6 |  6.0
Invocations    | 3 |  3.0
Fighting       | |  3.0
Dodging        | |  2.6
Stealth        | |  1.7

Action                     |  1- 3 |  4- 6 || total
---------------------------+-------+-------++-------
  Melee: Short sword       |   164 |    73 ||   237
         Punch             |     1 |     3 ||     4
         Rapier            |       |    52 ||    52
    Use: Potion            |       |     2 ||     2
   Stab: Sleeping          |     7 |     6 ||    13
 Armour: Robe              |    53 |    15 ||    68
         Leather armour    |       |     6 ||     6
  Dodge: Dodged            |    82 |    54 ||   136
  Block: Other             |    11 |    13 ||    24

Table legend: (Time is in decaauts)
 A = Elapsed time spent in this place.
 B = Non-inter-level travel time spent in this place.
 C = Inter-level travel time spent in this place.
 D = Time resting spent in this place.
 E = Time spent auto-exploring this place.
 F = Levels seen in this place.
 G = Mean time per level.
                   A        B        C        D        E       F      G
               +--------+--------+--------+--------+--------+-----+--------+
         Total |   3805 |   3659 |    146 |    196 |   2707 |   7 |  543.6 |
       Dungeon |   3805 |   3659 |    146 |    196 |   2707 |   7 |  543.6 |
               +--------+--------+--------+--------+--------+-----+--------+

Top non-repeatable levels by time:
     D:3: 1015 daAuts
     D:4: 961 daAuts
     D:2: 937 daAuts
     D:1: 608 daAuts
     D:5: 248 daAuts
     D:7: 30 daAuts
     D:6: 3 daAuts
